 Adventure DCSS version bcrawl-1.27.3 (webtiles) character file.

Game seed: 12129582521964015145

213735 galech the Cleaver (level 9, 69/69 HPs)
             Began as a Demonspawn Fighter on July 31, 2020.
             Was an Initiate of Okawaru.
             Quit the game on level 8 of the Dungeon.
             The game lasted 00:09:24 (8123 turns).

galech the Cleaver (Demonspawn Fighter)             Turns: 8123, Time: 00:09:25

Health: 69/69      AC: 12    Str: 18    XL:     9   Next: 21%
Magic:  18/18      EV:  8    Int:  9    God:    Okawaru [......]
Gold:   473        SH: 15    Dex: 15    Spells: 8/8 levels left
                                        Lives:  1   Deaths: 1

rFire    + . .     SeeInvis .   a - +0 war axe
rCold    . . .     Gourm    .   c - +0 medium shield
rNeg     . . .     Faith    .   b - +0 scale mail
rPois    +         Spirit   .   (helmet restricted)
rElec    .         Reflect  +   k - +1 cloak {MR+}
rCorr    .         Harm     .   (no gloves)
MR       +....                  (no boots)
Stlth    ..........             x - +4 amulet of reflection
HPRegen  0.21/turn              q - ring of magical power
MPRegen  0.16/turn              A - ring of poison resistance

@: no status effects
A: horns 2, thin metallic scales 2, fire resistance 1, spiny 1, augmentation 1,
flame cloud immunity
a: Renounce Religion


You were on level 8 of the Dungeon.
You worshipped Okawaru.
Okawaru was noncommittal.
You were not hungry.

You visited 2 branches of the dungeon, and saw 9 of its levels.
You also visited: Ossuary.

You collected 473 gold pieces.

Inventory:

Hand Weapons
 a - a +0 war axe (weapon)
Missiles
 I - a throwing net {=f}
Armour
 b - a +0 scale mail (worn)
 c - a +0 medium shield (worn)
 k - a +1 cloak of magic resistance (worn)
Jewellery
 m - an uncursed ring of wizardry
 q - a ring of magical power (left hand)
 u - a +6 ring of intelligence
 x - a +4 amulet of reflection (around neck)
 A - a ring of poison resistance (right hand)
 G - an uncursed amulet of the gourmand {unknown}
Wands
 E - a wand of flame (11)
 J - a wand of digging (8)
Scrolls
 f - 7 scrolls of remove curse
 g - 4 scrolls of enchant weapon
 n - 2 scrolls of immolation
 t - a scroll of fear
 v - 2 scrolls of amnesia
 y - 2 scrolls of vulnerability
 F - 2 scrolls of enchant armour
 H - a scroll of identify
 K - 2 scrolls of teleportation
Potions
 d - 2 potions of might
 h - a potion of magic
 j - 2 potions of brilliance {unknown}
 l - 3 potions of berserk rage {unknown}
 o - 2 potions of cancellation {unknown}
 p - 4 potions of heal wounds {unknown}
 r - 5 potions of curing {unknown}
 s - 3 potions of invisibility {unknown}
 w - 2 potions of mutation {unknown}
 z - a potion of lignification {unknown}
 B - 2 potions of haste {unknown}
 C - 2 potions of ambrosia {unknown}
 D - 3 potions of agility {unknown}
Comestibles
 e - 18 rations {!d}


   Skills:
 + Level 6.0 Fighting
 + Level 9.0 Axes
 + Level 5.7 Armour
 + Level 3.8 Dodging
 + Level 0.4 Stealth
 + Level 7.4 Shields


You had 8 spell levels left.
You didn't know any spells.
Your spell library was empty.

Dungeon Overview and Level Annotations

Branches:
Dungeon (8/12)             Temple (1/1) D:4            Lair (0/6) D:8
    Orc: D:8-11

Altars:
Ashenzari
Cheibriados
Dithmenos
Elyvilon
Fedhas
Gozag
Hepliaklqana
Kikubaaqudgha
Lugonu
Makhleb
Nemelex Xobeh
Okawaru
Qazlal
Ru
Sif Muna
Trog
Uskayaw
Vehumet
Wu Jian
Xom
Yredelemnul
Zin
The Shining One

Shops:
D:4 %   D:8 [

Annotations:
D:8 3 runed translucent doors, Yolok's ghost, novice BaAM


Innate Abilities, Weirdness & Mutations

You have a pair of horns on your head.
You are mostly covered in thin metallic scales. (AC +3)
Your flesh is heat resistant. (rF+)
You are partially covered in sharp spines.
Your magical and physical power is slightly enhanced at high health.
You are immune to clouds of flame.


Message History

The two-headed ogre hits you with a +0 giant spiked club!
* * * LOW HITPOINT WARNING * * *
The two-headed ogre hits you with a +0 giant club.
* * * LOW HITPOINT WARNING * * *
You slash the two-headed ogre!
The two-headed ogre is moderately wounded.
You block the two-headed ogre's attack. x2
You slash the two-headed ogre!
The two-headed ogre is heavily wounded.
You block the two-headed ogre's attack. x2
You hit the two-headed ogre but do no damage.
The two-headed ogre is heavily wounded.
The two-headed ogre hits you with a +0 giant spiked club.
* * * LOW HITPOINT WARNING * * *
The two-headed ogre hits you with a +0 giant club!
You die...
Xom reaches out...
You are now level 9!
You rejoin the land of the living...
Are you sure you want to abandon this character and quit the game? (Confirm with "yes".)

..#.#
....
#.#.# ##
#.#.#
###+#####
####...#
#........
.......#
#.......#
......>#
#......!#
.....#.#
#.......#
.....#.#
#.......#
######.#
#......@#
# #.#
#.......#
# .#
#.......#
#
#########
######
.....#
###.##
#.# #.#
###


There were no monsters in sight!

Vanquished Creatures
  2 trolls (D:7)
  A hippogriff (D:7)
  2 yaks
  2 humans (D:8)
  A hungry ghost (D:7)
  Duvessa (D:6)
  A black bear (D:6)
  A sky beast (D:8)
  6 ogres
  5 centaurs
  A bullfrog (D:7)
  A gnoll sergeant (D:6)
  A water moccasin zombie (Ossuary)
  A scorpion (D:4)
  Dowan (D:6)
  3 killer bees (D:7)
  3 wights (D:6)
  A howler monkey (D:4)
  5 crimson imps
  6 bullfrog zombies
  2 jellies
  3 hounds
  An orc priest (D:4)
  5 orc wizards
  13 mummies (Ossuary)
  2 iguanas
  A killer bee zombie (Ossuary)
  4 worker ants
  A hound zombie (Ossuary)
  A hound skeleton (D:4)
  2 howler monkey zombies (Ossuary)
  3 gnolls (D:6)
  A worker ant zombie (Ossuary)
  9 adders
  3 shadow imps
  An ooze (D:3)
  8 adder zombies (Ossuary)
  2 worms
  A dart slug (D:5)
  3 leopard geckos
  16 orcs
  A giant cockroach (D:3)
  3 goblins
  6 hobgoblins
  19 jackals
  9 kobolds
  6 quokkas
  9 bats
  2 frilled lizards (D:3)
  A goblin zombie (D:7)
  7 rats
  A rat zombie (D:7)
191 creatures vanquished.

Vanquished Creatures (others)
  5 dream sheep (D:6)
  3 centaurs
  A withered plant (Ossuary)
9 creatures vanquished.

Grand Total: 200 creatures vanquished

Notes
Turn   | Place    | Note
-------+----------+-------------------------------------------
     0 | D:1      | galech the Demonspawn Fighter began the quest for the Orb.
     0 | D:1      | Reached XP level 1. HP: 18/18 MP: 1/1
   201 | D:1      | Gained mutation: You have a pair of small horns on your
                  | head. [demonic ancestry]
   201 | D:1      | Reached XP level 2. HP: 8/24 MP: 2/2
   615 | D:1      | Reached skill level 2 in Axes
  1389 | D:2      | Gained mutation: Your flesh is heat resistant. (rF+)
                  | [demonic ancestry]
  1389 | D:2      | Reached XP level 3. HP: 24/29 MP: 3/3
  2123 | D:3      | Gained mutation: You are immune to clouds of flame.
                  | [demonic ancestry]
  2123 | D:3      | Reached XP level 4. HP: 24/36 MP: 4/4
  2636 | D:3      | Gained mutation: You are partially covered in sharp spines.
                  | [demonic ancestry]
  2636 | D:3      | Reached XP level 5. HP: 38/42 MP: 5/5
  2641 | D:3      | Reached skill level 3 in Axes
  2852 | D:4      | Reached skill level 1 in Dodging
  2971 | D:4      | Gained mutation: You are partially covered in thin metallic
                  | scales. (AC +2) [demonic ancestry]
  2971 | D:4      | Reached XP level 6. HP: 43/48 MP: 6/6
  3206 | D:4      | Reached skill level 4 in Axes
  3217 | D:4      | Gained mutation: You have a pair of horns on your head.
                  | [demonic ancestry]
  3217 | D:4      | Reached XP level 7. HP: 17/54 MP: 7/7
  3514 | D:4      | Found Nonam's Food Shop.
  3674 | D:4      | Found a staircase to the Ecumenical Temple.
  3813 | Temple   | Entered the Ecumenical Temple
  4011 | D:5      | Entered Level 5 of the Dungeon
  4045 | D:5      | Reached skill level 5 in Axes
  4151 | D:5      | Found a bloodstained altar of Trog.
  4389 | D:5      | Reached XP level 8. HP: 58/61 MP: 8/8
  4610 | D:5      | Found a blossoming altar of Fedhas.
  4691 | D:5      | Reached skill level 5 in Shields
  5032 | D:6      | Noticed Duvessa
  5032 | D:6      | Noticed Dowan
  5038 | D:6      | Killed Dowan
  5038 | D:6      | Reached skill level 6 in Axes
  5046 | D:6      | Killed Duvessa
  5154 | D:6      | Reached skill level 5 in Fighting
  5295 | D:6      | Found an ornate altar of the Wu Jian Council.
  5406 | D:6      | Found an opulent altar of Gozag.
  5492 | D:6      | Gained mutation: You are mostly covered in thin metallic
                  | scales. (AC +3) [demonic ancestry]
  5492 | D:6      | Reached XP level 9. HP: 53/68 MP: 9/9
  5635 | D:6      | Found a shimmering altar of Xom.
  5948 | D:6      | Found a radiant altar of Vehumet.
  6158 | D:6      | Reached skill level 5 in Armour
  6186 | D:6      | Found a sacrificial altar of Ru.
  6423 | D:7      | Reached skill level 7 in Axes
  6557 | D:7      | Found a sand-covered staircase.
  6558 | D:7      | Found a white marble altar of Elyvilon.
  6564 | Ossuary  | Entered an ossuary
  6990 | D:7      | Noticed a troll
  6996 | D:7      | Reached skill level 8 in Axes
  6999 | D:7      | Killed a troll
  7180 | D:7      | Noticed a troll
  7193 | D:7      | Killed a troll
  7293 | D:7      | Gained mutation: Your magical and physical power is
                  | slightly enhanced at high health. [demonic ancestry]
  7293 | D:7      | Reached XP level 10. HP: 52/76 MP: 10/10
  7681 | D:7      | Found a glowing golden altar of the Shining One.
  7899 | D:8      | Found Qogeong's Antique Armour Shoppe.
  7928 | D:8      | Found an iron altar of Okawaru.
  7947 | D:8      | Reached skill level 9 in Axes
  7954 | D:8      | Became a worshipper of Warmaster Okawaru
  8048 | D:8      | Found a runed translucent gate.
  8048 | D:8      | Found a runed translucent gate.
  8049 | D:8      | Found a runed translucent gate.
  8050 | D:8      | Noticed Yolok's ghost (novice BaAM)
  8050 | D:8      | Noticed a spectral centaur warrior
  8084 | D:8      | Found a staircase to the Lair.
  8111 | D:8      | Noticed a two-headed ogre
  8122 | D:8      | Slain by a two-headed ogre
  8123 | D:8      | Reached XP level 9. HP: -4/69 MP: 18/18
  8123 | D:8      | Quit the game

Skill      XL: |  1  2  3  4  5  6  7  8  9 10 |
---------------+-------------------------------+-----
Shields        | 3 4 6 7 |  7.4
Axes           | 2 3 4 5 6 8 9 |  9.0
Armour         | 3 4 5 |  5.7
Dodging        | 1 2 3 |  3.8
Fighting       | 4 5 6 |  6.0
Stealth        | |  0.4

Action                   |  1- 3 |  4- 6 |  7- 9 | 10-12 || total
-------------------------+-------+-------+-------+-------++-------
Melee: War axe           |   144 |   126 |   341 |    52 ||   663
       Headbutt          |    12 |    27 |    82 |     6 ||   127
  Use: Potion            |       |     2 |     1 |       ||     3
       Scroll            |       |       |     8 |       ||     8
  Eat: Chunk             |    10 |     7 |    25 |     4 ||    46
       Ration            |       |       |     1 |       ||     1
Armor: Scale mail        |   115 |    73 |   111 |     9 ||   308
Dodge: Dodged            |    50 |    24 |    74 |     3 ||   151
Block: Medium shield     |    80 |    89 |   257 |    38 ||   464
       Reflection        |       |     5 |    20 |       ||    25
